cohdb
Replays
Latest Replays
All Replays
Popular Replays
Top Player Replays
Match Explorer
How It Works
Community
CoH3 Stats
Reddit
Sign in to upload your games and track your stats! →
Sign in with Steam
Match 41983171
Unlisted
Match 41983171
Overview
Messages
Build Orders
End
Construct Infanterie Kompanie
Grenadier Squad
Selects Terror Battlegroup
MG 42 Machine Gun Team
Grenadier Squad
Selects Machine Gun Camouflage
Construct Panzergrenadier Kompanie
Panzergrenadier Squad
251 Medium Carrier
Selects Interrogate
Pak 40 Anti-tank Gun Team
Pak 40 Anti-tank Gun Team
Pak 40 Anti-tank Gun Team
Selects Propaganda Leaflet Drop
Construct Panzer Kompanie
Panzergrenadier Officer Quarters
Kettenkrad Recon Vehicle
Propaganda Leaflet Drop
Panzer IV Medium Tank
Pioneer Squad
MG 42 Bunker
Selects V1 Rocket Strike
Panzer IV Medium Tank
Propaganda Leaflet Drop
Pak 40 Anti-tank Gun Team
Pak 40 Anti-tank Gun Team
LulekDZ [PL]
Suwak
Hedzik
Dejw1d
STALKER4732
SoyaLors
shoo ed
Devochkin
0
0
Comments
sign in to comment!
No comments posted yet!